 Dungeon Crawl Stone Soup version 0.30.0-29-ga12c61a403 (webtiles) character file.

Game seed: 3942401862826579854

168 cheesebisquit the Shooter (level 5, 0/30 HPs)
             Began as a Kobold Hexslinger on June 4, 2023.
             Slain by Duvessa
             ... wielding a +2 short sword of venom
              (3 damage)
             ... on level 4 of the Dungeon.
             The game lasted 00:06:53 (1973 turns).

cheesebisquit the Shooter (Kobold Hexslinger)       Turns: 1973, Time: 00:06:54

Health: 0/30       AC:  6    Str:  8    XL:     5   Next: 77%
Magic:  6/6        EV: 14    Int: 14    God:
Gold:   112        SH:  0    Dex: 17    Spells: 5/6 levels left

rFire   + . .        a - +1 sling
rCold   . . .        (no shield)
rNeg    . . .        d - +0 leather armour
rPois   .            r - +1 hat
rElec   .            (no cloak)
rCorr   .            c - +0 pair of gloves
SInv    .            u - +0 pair of boots
Will    .....        (no amulet)
Stlth   +++          s - ring of protection from fire
HPRegen 0.25/turn    (no ring)
MPRegen 0.10/turn

%: no passive effects
@: lethally poisoned (0 -> -13)
A: small, no large weapons, nightstalker 3
a: no special abilities


You were on level 4 of the Dungeon.
You visited 1 branch of the dungeon, and saw 5 of its levels.

You collected 112 gold pieces.

Inventory:

Hand Weapons
 a - a +1 sling (weapon)
Missiles
 k - 4 poisoned darts
Armour
 c - a +0 pair of gloves (worn)
 d - a +0 leather armour (worn)
 r - a +1 hat (worn)
 u - a +0 pair of boots (worn)
Jewellery
 s - a ring of protection from fire (left hand)
Scrolls
 b - a scroll of poison
 j - 2 scrolls of immolation
 n - a scroll of identify {unknown}
 o - a scroll of blinking {unknown}
 q - a scroll of vulnerability {unknown}
 t - a scroll of fear {unknown}
Potions
 g - a potion of lignification {unknown}
 h - 2 potions of degeneration {unknown}
 i - a potion of brilliance {unknown}
 l - a potion of heal wounds {unknown}
 p - a potion of cancellation {unknown}


   Skills:
 + Level 1.9 Fighting
 - Level 6.7 Ranged Weapons
 - Level 2.4 Dodging
 + Level 1.8 Stealth
 - Level 1.1 Spellcasting
 - Level 3.0 Hexes


You had 5 spell levels left.
You knew the following spells:

 Your Spells              Type           Power      Damage    Failure   Level
a - Slow                  Hex            36%        N/A       11%         1

Your spell library contained the following spells:

 Spells                   Type           Power      Damage    Failure   Level
 Inner Flame              Hex/Fire       4%         N/A       52%         3
 Portal Projectile        Hex/Tloc       8%         N/A       52%         3
 Cause Fear               Hex            4%         N/A       73%         4
 Ozocubu's Armour         Ice            0%         N/A       75%         3
 Yara's Violent Unravell  Hex/Tmut       2%         3d3       99%         5
 Enfeeble                 Hex            4%         N/A       100%        7
 Ozocubu's Refrigeration  Ice            0%         4d7       100%        7


Dungeon Overview and Level Annotations

Branches:
Dungeon (5/15)
 Temple: D:4-7

Altars:
Qazlal

Annotations:
D:2 1 runed translucent door, Crazy Yiuf
D:4 Dowan, Duvessa


Innate Abilities, Weirdness & Mutations

You are small and have problems with some larger weapons.
You are completely attuned to the shadows.


Message History

The hound is almost dead.
The hound bites you but does no damage. The hound barely misses you.
You shoot a sling bullet. The sling bullet hits the hound!
You kill the hound!
The adder barely misses you.
Your Stealth skill increases to level 1!
You shoot a sling bullet. The sling bullet hits the adder.
You kill the adder!
You shoot a sling bullet.
The sling bullet hits Duvessa but does no damage.
Duvessa hits you with a +2 short sword of venom!
You are poisoned.
Dowan gestures wildly while chanting.
Dowan blinks!
Duvessa hits you with a +2 short sword of venom!
* * * LOW HITPOINT WARNING * * *
You are more poisoned.
It was a potion of curing.
You feel better.
Duvessa hits you with a +2 short sword of venom!
* * * LOW HITPOINT WARNING * * *
You are lethally poisoned!
You feel better. Duvessa completely misses you. Duvessa misses you.
Dowan mumbles some strange words.
Dowan blinks!
As you read the scroll labelled PYWEAH LOIZUOR, it crumbles to dust.
The creatures around you are filled with an inner flame!
It was a scroll of immolation.
Duvessa hits you with a +2 short sword of venom!
* * * LOW HITPOINT WARNING * * *
You feel better. Duvessa misses you. Duvessa barely misses you.
As you read the scroll labelled PUCEQO CUSOO, it crumbles to dust.
The scroll dissolves into smoke.
It was a scroll of fog.
Duvessa closely misses you.
As you read the scroll labelled TETHIU PAVEDIE, it crumbles to dust.
Wisps of shadow whirl around you...
It was a scroll of summoning.
Duvessa hits you with a +2 short sword of venom!
* * * LOW HITPOINT WARNING * * *
You are lethally poisoned!
Duvessa hits you with a +2 short sword of venom.
You die...

#.......#.#..###
#.......#.#.....
#....###......#
#....###..#..###.
#....'....#>.....
#....###..##.###.
###### #..##g#
###..##S#
#..†.##@#
#.#..##e#
#.#..##o#
##....##.###.##
#.............#
#....###.###.###
#...............
#............##
#....###.###....


You could see Duvessa (fast, inner flame, ally target), a friendly adder
(summoned), a friendly orc (summoned) and a friendly hobgoblin (summoned,
wandering).

Vanquished Creatures
  A hound (D:4)
  Jessica (D:2)
  A gnoll (D:1)
  4 adders
  An ufetubus (D:4)
  A worm (D:2)
  3 dart slugs
  4 bats (D:2)
  4 endoplasms
  4 giant cockroaches
  4 goblins
  5 hobgoblins
  4 jackals (D:2)
  6 kobolds (D:1)
  2 quokkas (D:4)
  4 ball pythons
  4 frilled lizards
  2 rats (D:1)
55 creatures vanquished.

Notes
Turn   | Place    | Note
-------+----------+-------------------------------------------
     0 | D:1      | cheesebisquit the Kobold Hexslinger began the quest for the
                  | Orb.
     0 | D:1      | Reached XP level 1. HP: 12/12 MP: 2/2
    35 | D:1      | Reached skill level 3 in Ranged Weapons
    68 | D:1      | Reached XP level 2. HP: 8/16 MP: 1/3
   103 | D:1      | Reached skill level 4 in Ranged Weapons
   283 | D:1      | Reached XP level 3. HP: 20/20 MP: 4/4
   705 | D:2      | Reached skill level 5 in Ranged Weapons
   799 | D:2      | Reached XP level 4. HP: 25/25 MP: 5/5
  1006 | D:2      | Found a runed translucent door.
  1009 | D:2      | Noticed Crazy Yiuf
  1466 | D:3      | Noticed Jessica
  1474 | D:2      | Killed Jessica
  1475 | D:2      | Reached skill level 6 in Ranged Weapons
  1536 | D:3      | Reached XP level 5. HP: 26/29 MP: 6/6
  1821 | D:3      | You fall into a shaft and drop 2 floors!
  1821 | D:5      | Entered Level 5 of the Dungeon
  1846 | D:5      | Found a stormy altar of Qazlal.
  1846 | D:5      | Noticed a sky beast
  1945 | D:4      | Noticed Duvessa
  1952 | D:4      | Noticed Dowan
  1966 | D:4      | Reached skill level 1 in Stealth
  1970 | D:4      | HP: 1/30 [Duvessa/+2 short sword of venom (11)]
  1973 | D:4      | Slain by Duvessa

Illustrated notes

Levels and vault maps discovered:
D:1:      minmay_arrival_plants_in_alcoves, layout_rooms, st_stairs_5
D:2:      layout_basic, uniq_crazy_yiuf_cottage
D:3:      layout_loops_ring, uniq_jessica
D:4:      layout_basic, uniq_robin, uniq_duvessa
D:5:      layout_cave_pools, nicolae_qazlal_beasts_of_the_sky,
          minmay_temple_entry_mist, serial_gnoll_camp, gnoll_camp_mini_hut,
          gnoll_camp_mini_shop, grums_kennel, gnoll_camp_mini_house

Skill      XL: |  1  2  3  4  5 |
---------------+----------------+-----
Ranged Weapons | 3 4 5 6 |  6.7
Stealth        | 1 |  1.8
Fighting       | |  1.9
Dodging        | |  2.4
Spellcasting   | |  1.1
Hexes          | |  3.0

Action                     |  1- 3 |  4- 6 || total
---------------------------+-------+-------++-------
   Fire: Sling             |    73 |   108 ||   181
   Cast: Slow              |     3 |       ||     3
    Use: Scroll            |       |     3 ||     3
         Potion            |       |     3 ||     3
 Armour: Leather armour    |     7 |    40 ||    47
  Dodge: Dodged            |    29 |    97 ||   126
